 Dungeon Crawl Stone Soup version 0.27.1-34-g3ba077fa99 (webtiles) character file.

Game seed: 6786465942897954981

433 styxcanada the Covert (level 6, 0/32 HPs)
             Began as a Spriggan Brigand on Jan 7, 2022.
             Was an Initiate of Gozag.
             Succumbed to a water moccasin's poison
             ... on level 5 of the Dungeon.
             The game lasted 00:23:42 (5212 turns).

styxcanada the Covert (Spriggan Brigand)            Turns: 5212, Time: 00:23:42

Health: 0/32       AC:  4    Str:  7    XL:     6   Next: 67%
Magic:  10/10      EV: 18    Int: 12    God:    Gozag
Gold:   125        SH:  0    Dex: 19    Spells: 9/9 levels left

rFire    . . .     SeeInvis +   a - +3 dagger
rCold    + . .     Faith    .   (shield restricted)
rNeg     . . .     Spirit   .   b - +0 robe
rPois    .         Reflect  .   (helmet restricted)
rElec    .         Harm     .   c - +1 cloak
rCorr    .         Rampage  .   (gloves unavailable)
Will     +....                  (boots unavailable)
Stlth    ++++......             (no amulet)
HPRegen  0.10/turn              o - ring of protection from cold
MPRegen  0.12/turn              (no ring)

@: lethally poisoned (0 -> -14), very quick
A: very small, no large weapons, unfitting armour, see invisible, speed 3
a: Renounce Religion, Potion Petition, Call Merchant, Bribe Branch


You were on level 5 of the Dungeon.
You worshipped Gozag.
Gozag was aware of your devotion.
You visited 2 branches of the dungeon, and saw 6 of its levels.

You collected 183 gold pieces.
You paid 58 gold pieces to Gozag.

Inventory:

Hand Weapons
 a - a +3 dagger (weapon)
 n - a +1 vorpal scimitar
 q - a +0 hunting sling
Missiles
 d - 7 poisoned darts (quivered)
 e - 4 curare-tipped darts
 f - 101 stones
 t - 47 sling bullets
Armour
 b - a +0 robe (worn)
 c - a +1 cloak (worn)
Jewellery
 o - a ring of protection from cold (left hand)
Scrolls
 g - a scroll of torment {unknown}
 j - 3 scrolls of enchant armour
 k - 3 scrolls of teleportation
Potions
 h - a potion of berserk rage {unknown}
 i - a potion of ambrosia {unknown}
 l - 3 potions of curing
 p - 3 potions of mutation
 r - a potion of cancellation
 u - a potion of flight {unknown}


   Skills:
 * Level 2.5 Fighting
 + Level 3.4 Short Blades
 + Level 1.9(3.0) Slings
 + Level 3.0(3.2) Throwing
 * Level 3.3 Dodging
 * Level 8.6 Stealth
 * Level 2.3 Spellcasting


You had 9 spell levels left.
You didn't know any spells.
Your spell library contained the following spells:

 Spells                   Type           Power      Damage    Failure   Level
 Animate Dead             Necr           0%         N/A       95%         4
 Haunt                    Necr/Summ      0%         N/A       100%        7
 Infestation              Necr           0%         N/A       100%        8
 Chain Lightning          Conj/Air       0%         2d1       100%        9
 Fire Storm               Conj/Fire      0%         6d1       100%        9


Dungeon Overview and Level Annotations

Branches:
Dungeon (5/15)             Temple (1/1) D:5

Altars:
Cheibriados
Dithmenos
Elyvilon
Fedhas
Gozag
Hepliaklqana
Kikubaaqudgha
Makhleb
Nemelex Xobeh
Qazlal
Ru
Sif Muna
Uskayaw
Vehumet
Wu Jian
Xom
Yredelemnul
The Shining One


Innate Abilities, Weirdness & Mutations

You are very small and have problems with some larger weapons.
You are too small for most types of armour.
You have supernaturally acute eyesight. (SInv)
You cover ground extremely quickly. (Speed+++)


Message History

The water moccasin is moderately wounded.
The water moccasin misses you.
You hit the water moccasin.
The water moccasin is heavily wounded.
The water moccasin bites you!
You hit the water moccasin.
The water moccasin is heavily wounded.
The water moccasin barely misses you.
You miss the water moccasin.
The water moccasin is heavily wounded.
The water moccasin closely misses you.
You hit the water moccasin but do no damage.
The water moccasin is heavily wounded.
The water moccasin barely misses you. The water moccasin bites you!
You closely miss the water moccasin.
The water moccasin is heavily wounded.
The water moccasin bites you.
You barely miss the water moccasin.
The water moccasin is heavily wounded.
The water moccasin closely misses you.
You closely miss the water moccasin.
The water moccasin is heavily wounded.
The water moccasin completely misses you.
You hit the water moccasin.
The water moccasin is heavily wounded.
The water moccasin closely misses you.
You hit the water moccasin but do no damage.
The water moccasin is heavily wounded.
The water moccasin bites you!
* * * LOW HITPOINT WARNING * * *
You hit the water moccasin.
The water moccasin is heavily wounded.
The water moccasin bites you.
* * * LOW HITPOINT WARNING * * *
You are lethally poisoned!
The water moccasin poisons you!
You hit the water moccasin.
The water moccasin is heavily wounded.
You die...
Your body crumbles into a pile of gold.

#..# #....... .##
#..# ##.......
...###..#
##........
#.......#
##..###....
#>.....######..##
###..
#.............#
#.
##...........## .
#....#####..#
##..@# ##..#
##.S# ##.# $
#.... .# ..##..#
#. ### #.## .#
###


You could see a water moccasin.

Vanquished Creatures
  A black bear (D:4)
  A phantom (D:4)
  A wyvern zombie (D:4)
  A hound (D:4)
  An iguana (D:4)
  A hound skeleton (D:4)
  3 adders
  4 gnolls (D:4)
  A howler monkey skeleton (D:5)
  2 worms
  3 orcs
  9 endoplasms
  4 giant cockroaches
  6 goblins
  7 hobgoblins
  3 kobolds
  3 quokkas
  6 ball pythons
  3 bats
  A frilled lizard (D:2)
  4 rats
65 creatures vanquished.

Notes
Turn   | Place    | Note
-------+----------+-------------------------------------------
     0 | D:1      | styxcanada the Spriggan Brigand began the quest for the
                  | Orb.
     0 | D:1      | Reached XP level 1. HP: 10/10 MP: 2/2
    30 | D:1      | Reached skill level 6 in Stealth
   165 | D:1      | Reached XP level 2. HP: 10/15 MP: 3/3
  1362 | D:2      | Reached XP level 3. HP: 17/18 MP: 4/4
  1463 | D:2      | Reached skill level 7 in Stealth
  2108 | D:2      | Found a faded altar of an unknown god.
  2913 | D:4      | Noticed a phantom
  3190 | D:4      | Reached XP level 4. HP: 23/23 MP: 5/5
  3398 | D:4      | Noticed a black bear
  3470 | D:4      | Reached skill level 1 in Spellcasting
  3470 | D:4      | Reached XP level 5. HP: 15/26 MP: 5/7
  3699 | D:4      | Killed a black bear
  3700 | D:4      | Reached skill level 1 in Slings
  3700 | D:4      | Reached skill level 8 in Stealth
  3834 | D:4      | Reached XP level 6. HP: 31/31 MP: 9/9
  4629 | D:5      | Entered Level 5 of the Dungeon
  5122 | D:5      | Found a staircase to the Ecumenical Temple.
  5149 | Temple   | Entered the Ecumenical Temple
  5156 | Temple   | Became a worshipper of Gozag Ym Sagoz the Greedy
  5187 | D:5      | Noticed a water moccasin
  5212 | D:5      | Succumbed to a water moccasin's poison

Illustrated notes

Levels and vault maps discovered:
D:1:      minmay_arrival_three_doors, layout_basic
D:2:      layout_loops_ring, shapermc_ecumenical_altar_pompeii
D:3:      layout_loops_ring, nrook_mini_vaults
D:4:      layout_basic, minmay_box_of_dots
D:5:      layout_layer_cave, mainiacjoe_overflow_24_doors, temple_pool_b,
          st_stairs_9, minmay_crystal_water, uniq_sigmund
Temple:   nicolae_temple_no_exploring_needed

Skill      XL: |  1  2  3  4  5  6 |
---------------+-------------------+-----
Stealth        | 6 7 8 |  8.6
Fighting       | 2 |  2.5
Dodging        | 2 3 |  3.3
Spellcasting   | 1 2 |  2.3
Short Blades   | 3 |  3.4
Slings         | 1 |  1.9
Throwing       | 3 |  3.0

Action                   |  1- 3 |  4- 6 || total
-------------------------+-------+-------++-------
Melee: Dagger            |   114 |   101 ||   215
 Fire: Hunting sling     |       |    24 ||    24
Throw: Dart              |    30 |    25 ||    55
       Stone             |       |     2 ||     2
  Use: Scroll            |    11 |       ||    11
       Potion            |       |     1 ||     1
 Stab: Sleeping          |    12 |     5 ||    17
       Distracted        |     1 |       ||     1
Armor: Robe              |    12 |    12 ||    24
Dodge: Dodged            |    71 |    56 ||   127
